 Dungeon Crawl Stone Soup version 0.30-a0-778-g2ef04afb54 (webtiles) character file.

Game seed: 14695251993042200403

17122 avis the Skirmisher (level 11, -4/97 HPs)
             Began as a Demigod Hexslinger on Feb 15, 2023.
             Killed from afar by an acid dragon (16 damage)
             ... with a splash of acid
             ... on level 12 of the Dungeon on Feb 17, 2023.
             The game lasted 01:38:18 (13394 turns).

avis the Skirmisher (Demigod Hexslinger)           Turns: 13394, Time: 01:38:19

Health: -4/97      AC:  4    Str: 11    XL:     11   Next: 88%
Magic:  16/17      EV: 22    Int: 15    God:
Gold:   362        SH:  0    Dex: 32    Spells: 8/14 levels left

rFire   . . .      SeeInvis .    T - +0 arbalest
rCold   . . .      Faith    .    (shield currently unavailable)
rNeg    . . .      Spirit   .    y - +1 robe "Muiczy" {Regen+ Archmagi}
rPois   .          Reflect  .    n - +1 hat
rElec   .          Harm     .    o - +0 cloak
rCorr   .          Rampage  .    g - +2 pair of gloves
Will    +....      Archmagi +    (no boots)
Stlth   ++++                     d - amulet of regeneration
HPRegen 1.96/turn                q - +6 ring of dexterity
MPRegen 0.15/turn                P - ring of flight

@: corroded, flying
A: high MP 1, forlorn, divine attributes
a: no special abilities


You were on level 12 of the Dungeon.
You visited 2 branches of the dungeon, and saw 13 of its levels.
You also visited: Sewer.

You collected 512 gold pieces.
You spent 150 gold pieces at shops.

Inventory:

Hand Weapons
 a - a +3 scimitar
 b - a +0 shortbow of electrocution
 w - the +5 long sword "Alupent" {flame, *Slow Fragile rElec rF+++}
   (You found it on level 3 of the Dungeon)

   rF:        It renders you almost immune to fire.
   rElec:     It insulates you from electricity.
   *Slow:     It may slow you when you take damage.
   Fragile:   It will be destroyed if unequipped.
 F - a +2 dagger of electrocution
 T - a +0 arbalest (weapon)
Missiles
 I - 9 poisoned darts
 J - 3 throwing nets
Armour
 c - +0 acid dragon scales
 g - a +2 pair of gloves (worn)
 n - a +1 hat (worn)
 o - a +0 cloak (worn)
 y - the +1 robe "Muiczy" (worn) {Regen+ Archmagi}
   (You found it on level 4 of the Dungeon)

   Regen:     It increases your rate of health regeneration.
   Archmagi:  It increases the power of your magical spells.
 Q - a +0 troll leather armour
 U - a +0 kite shield
Jewellery
 d - an amulet of regeneration (around neck)
 h - a ring of willpower
 j - a ring of protection from cold
 q - a +6 ring of dexterity (left hand)
 M - a ring of resist corrosion
 P - a ring of flight (right hand)
Wands
 e - a wand of quicksilver (3)
 i - a wand of mindburst (14)
 s - a wand of digging (9)
 E - a wand of flame (11)
 K - a wand of iceblast (4)
Scrolls
 k - 4 scrolls of immolation {unknown}
 l - 5 scrolls of teleportation {unknown}
 m - a scroll of fog
 r - 3 scrolls of poison
 t - a scroll of fear {unknown}
 u - 4 scrolls of enchant weapon {unknown}
 v - a scroll of acquirement {unknown}
 x - a scroll of torment {unknown}
 B - a scroll of magic mapping {unknown}
 C - 5 scrolls of noise {unknown}
 D - a scroll of brand weapon
 H - a scroll of butterflies
 L - a scroll of amnesia {unknown}
 O - 5 scrolls of enchant armour {unknown}
 R - 4 scrolls of vulnerability {unknown}
Potions
 f - 6 potions of curing
 p - 4 potions of might
 z - 3 potions of flight
 A - a potion of brilliance
 G - a potion of lignification
 N - a potion of cancellation
 S - a potion of invisibility
 V - 2 potions of heal wounds
 W - a potion of mutation
 X - a potion of magic {unknown}
 Y - a potion of ambrosia {unknown}


   Skills:
 * Level 9.5 Fighting
 - Level 12.0 Ranged Weapons
 - Level 9.0 Dodging
 - Level 5.0 Stealth
 - Level 2.0 Spellcasting
 - Level 3.0 Hexes
 - Level 3.0 Translocations


You had 8 spell levels left.
You knew the following spells:

 Your Spells              Type           Power      Damage    Failure   Level
a - Slow                  Hex            60%        N/A       6%          1
b - Blink                 Tloc           30%        N/A       10%         2
f - Swiftness             Air            2%         N/A       54%         3

Your spell library contained the following spells:

 Spells                   Type           Power      Damage    Failure   Level
 Lesser Beckoning         Tloc           30%        N/A       10%         2
 Momentum Strike          Conj/Tloc      18%        3d8       19%         2
 Confusing Touch          Hex            15%        N/A       19%         3
 Portal Projectile        Hex/Tloc       30%        N/A       19%         3
 Kiss of Death            Conj/Necr      8%         2d6       22%         1
 Magic Dart               Conj           8%         1d3       22%         1
 Shock                    Conj/Air       8%         1d3       22%         1
 Call Imp                 Summ           2%         N/A       32%         2
 Searing Ray              Conj           4%         2d4       32%         2
 Inner Flame              Hex/Fire       9%         N/A       34%         3
 Vhi's Electric Charge    Tloc/Air       18%        N/A       34%         3
 Ignite Poison            Fire/Tmut/Pois 2%         N/A       54%         3
 Mephitic Cloud           Conj/Pois/Air  2%         N/A       54%         3
 Stone Arrow              Conj/Erth      4%         3d7       54%         3
 Vampiric Draining        Necr           2%         2d6       54%         3
 Cause Fear               Hex            7%         N/A       54%         4
 Fulminant Prism          Conj/Hex       4%         3d5       75%         4
 Airstrike                Air            1%         2d(1-17)  91%         4
 Animate Armour           Summ/Erth      4%         N/A       91%         4
 Dispel Undead            Necr           2%         3d7       91%         4
 Sticky Flame             Conj/Fire      2%         2d3       91%         4
 Arcjolt                  Conj/Air       1%         1d11      99%         5
 Ignition                 Fire           1%         3d3       100%        8
 Lehudib's Crystal Spear  Conj/Erth      1%         10d2      100%        8
 Maxwell's Capacitive Co  Air            1%         ∞         100%        8


Dungeon Overview and Level Annotations

Branches:
Dungeon (12/15)            Temple (1/1) D:6            Lair (0/5) D:10
    Orc (0/2) D:9           Sewer (visited)

Shops:
D:8 **   D:11 [

Annotations:
D:4 3 runed translucent doors, jimonade's ghost, amateur FoFi
D:7 1 runed translucent door, exclusion: door, Crazy Yiuf
D:10 3 runed translucent doors, Aneyh's ghost, journeyman TeMo


Innate Abilities, Weirdness & Mutations

You have an increased reservoir of magic. (+10% MP)
You shall have no god before yourself.
Your divine heritage dramatically boosts your attributes as you level up.


Message History

Fire: T) +0 arbalest
Press: ? - help, Q - select action, (/) - cycle Shift-Dir - straight line, f/p - cyclops
Aim: a cyclops, quivering large rocks (90% to hit)
You shoot a bolt.
The bolt closely misses the acid dragon.
The bolt barely misses the cyclops.
The acid dragon spits acid at you. The splash of acid hits you!!
* * * LOW HITPOINT WARNING * * *
The acid corrodes you! The acid dragon completely misses you.
The acid dragon closely misses you.
You feel much better. The acid dragon bites you!
* * * LOW HITPOINT WARNING * * *
The acid dragon claws you.
* * * LOW HITPOINT WARNING * * *
Cast which spell? (? or * to list)
You feel a surge of power!
You blink.
A troll comes into view.
The acid dragon closely misses you. The acid dragon barely misses you.
The cyclops throws a large rock.
The large rock closely misses you.
The acid dragon attacks as you move away!
The acid dragon completely misses you. The acid dragon claws you.
* * * LOW HITPOINT WARNING * * *
The troll bites you but does no damage. The troll closely misses you.
The troll claws you.
* * * LOW HITPOINT WARNING * * *
The acid dragon attacks as you move away!
The acid dragon bites you!
* * * LOW HITPOINT WARNING * * *
The acid dragon barely misses you. The troll attacks as you move away!
The troll bites you.
* * * LOW HITPOINT WARNING * * *
The troll barely misses you. The troll claws you.
* * * LOW HITPOINT WARNING * * *
The troll attacks as you move away! The troll misses you.
The troll closely misses you. x2
You feel stable enough to blink again. The acid dragon spits acid at you.
The splash of acid hits you!
You die...

.#..##...#
#...##...#
.#..##...# #
#...##...# .#
.#..##.### ..#
#...##.# ...#
.#####.#########
##....# #.#
#........T##...# .##
##.###[..CD.@..#
#.###.....###.###..#
.##...##..#..... ..#
#...#####.#.###.#..#
...## #.#. .#..#
#### #.# #.## #.# .#
#.# .# ##.


You could see a cyclops, a troll and an acid dragon (catching breath).

Vanquished Creatures
  Gastronok (D:7)
  4 two-headed ogres
  A boulder beetle (D:12)
  Pikel (D:9)
  A deep elf pyromancer (D:11)
  An ugly thing (D:12)
  A cyclops (D:12)
  A gargoyle (D:12)
  3 unseen horrors
  A tengu conjurer (D:12)
  A polar bear (D:12)
  3 trolls
  A shadow (D:12)
  A centaur simulacrum (D:12)
  4 slime creatures (D:12)
  A wyvern (D:9)
  A wraith (D:12)
  6 yaks (D:11)
  A steam dragon (D:7)
  3 acid dragons
  6 orc warriors
  Pargi (D:3)
  4 ice beasts
  A sky beast (D:5)
  A black bear (D:4)
  5 ogres
  3 wolves (D:10)
  4 centaurs
  A phantom (D:5)
  A lemure (D:9)
  6 kobold brigands
  A necrophage (D:6)
  Blork the orc (D:5)
  4 bullfrogs
  7 scorpions (D:5)
  7 gnoll sergeants
  8 wights
  13 killer bees
  6 electric eels
  5 howler monkeys
  4 jellies
  6 orc priests
  5 hounds
  A gnoll bouda (D:9)
  2 iguanas
  20 orc wizards
  A hell rat (Sewer)
  19 gnolls
  9 adders
  3 river rats
  2 white imps
  An ufetubus (D:12)
  A worm (D:5)
  2 dart slugs
  49 orcs
  A bat (D:1)
  5 endoplasms
  8 giant cockroaches
  4 goblins
  6 hobgoblins
  10 jackals
  3 quokkas
  11 ball pythons
  2 frilled lizards
  A goblin skeleton (D:8)
  2 hobgoblin zombies (D:8)
  16 kobolds
  A kobold skeleton (D:8)
  An orc skeleton (D:8)
  2 orc zombies (D:8)
  13 rats
333 creatures vanquished.

Notes
Turn   | Place    | Note
-------+----------+-------------------------------------------
     0 | D:1      | avis the Demigod Hexslinger began the quest for the Orb.
     0 | D:1      | Reached XP level 1. HP: 15/15 MP: 4/4
   116 | D:1      | Reached skill level 2 in Ranged Weapons
   283 | D:1      | Reached XP level 2. HP: 22/22 MP: 5/5
   475 | D:1      | Reached skill level 3 in Ranged Weapons
  1159 | D:2      | Reached XP level 3. HP: 27/27 MP: 4/6
  2220 | D:3      | Learned a level 2 spell: Blink
  2238 | D:3      | Reached skill level 4 in Ranged Weapons
  2238 | D:3      | Reached skill level 1 in Fighting
  2325 | D:3      | Reached XP level 4. HP: 35/35 MP: 0/8
  2432 | D:3      | Identified the +5 long sword "Alupent" {flame, *Slow
                  | Fragile rElec rF+++}
  2648 | D:3      | Noticed Pargi
  2684 | D:3      | Killed Pargi
  2685 | D:3      | Reached XP level 5. HP: 41/41 MP: 5/9
  2958 | D:3      | Reached skill level 5 in Ranged Weapons
  3732 | D:4      | Found a glowing drain.
  3750 | Sewer    | Entered a sewer
  3996 | D:4      | You fall into a shaft and drop 1 floor!
  3996 | D:5      | Entered Level 5 of the Dungeon
  4102 | D:4      | Noticed a black bear
  4121 | D:4      | Killed a black bear
  4122 | D:4      | Reached skill level 6 in Ranged Weapons
  4122 | D:4      | Reached XP level 6. HP: 16/48 MP: 8/10
  4240 | D:4      | Identified the +1 robe "Muiczy" {Regen+ Archmagi}
  4414 | D:4      | Reached skill level 1 in Stealth
  4679 | D:4      | Found a runed translucent gate.
  4680 | D:4      | Found a runed translucent gate.
  4680 | D:4      | Noticed jimonade's ghost (amateur FoFi)
  4681 | D:4      | Found a runed translucent gate.
  4681 | D:4      | Identified the +7 short sword of Rotih {flame, *Slow Fly
                  | SInv Stlth+}
  4681 | D:4      | Identified the +1 scale mail of the Bagpipe {-Tele Rampage
                  | Int+2 Slay+5}
  4925 | D:5      | HP: 2/48 [orc priest/divine providence (14)]
  4934 | D:5      | Reached skill level 1 in Translocations
  4972 | D:5      | Reached XP level 7. HP: 55/55 MP: 13/13
  5074 | D:5      | Noticed Blork the orc
  5103 | D:5      | Killed Blork the orc
  5276 | D:5      | Reached skill level 7 in Ranged Weapons
  5428 | D:5      | Reached XP level 8. HP: 63/63 MP: 10/14
  6118 | D:5      | Reached skill level 8 in Ranged Weapons
  6638 | D:6      | Noticed a two-headed ogre
  6663 | D:6      | Killed a two-headed ogre
  6664 | D:6      | Reached skill level 9 in Ranged Weapons
  6664 | D:6      | Reached XP level 9. HP: 40/71 MP: 7/15
  7034 | D:6      | Found a staircase to the Ecumenical Temple.
  7203 | Temple   | Entered the Ecumenical Temple
  7417 | D:7      | Reached skill level 10 in Ranged Weapons
  7766 | D:7      | Reached skill level 5 in Fighting
  8043 | D:7      | Found a runed translucent door.
  8044 | D:7      | Noticed Crazy Yiuf
  8224 | Temple   | Upgraded the game from 0.30-a0-777-ga9a30cbeda to
                  | 0.30-a0-778-g2ef04afb54
  8320 | D:8      | Found Vuecegic's General Store.
  8539 | D:8      | Noticed Gastronok
  8607 | D:7      | Killed Gastronok
  8608 | D:7      | Reached skill level 11 in Ranged Weapons
  8608 | D:7      | Reached XP level 10. HP: 35/81 MP: 13/16
  8773 | D:8      | Found Zin's Purification Station.
  9547 | D:8      | Bought a potion of invisibility for 120 gold pieces
  9547 | D:8      | Bought a scroll of identify for 30 gold pieces
  9860 | D:9      | Reached skill level 12 in Ranged Weapons
  9879 | D:9      | Noticed a two-headed ogre
  9894 | D:9      | Killed a two-headed ogre
  9895 | D:9      | Reached skill level 5 in Dodging
  9957 | D:9      | Reached skill level 5 in Stealth
 10005 | D:9      | Found a staircase to the Orcish Mines.
 10504 | D:9      | Noticed Pikel
 10543 | D:9      | Killed Pikel
 11118 | D:10     | Entered Level 10 of the Dungeon
 11329 | D:10     | Reached XP level 11. HP: 65/92 MP: 17/17
 11474 | D:10     | Found a staircase to the Lair.
 11673 | D:10     | Found a runed translucent gate.
 11673 | D:10     | Noticed a centaur warrior
 11674 | D:10     | Found a runed translucent gate.
 11676 | D:10     | Found a runed translucent gate.
 11677 | D:10     | Noticed Aneyh's ghost (journeyman TeMo)
 11678 | D:10     | Noticed a four-headed hydra
 11959 | D:11     | Noticed a deep elf pyromancer
 12104 | D:11     | Killed a deep elf pyromancer
 12124 | D:11     | Learned a level 3 spell: Swiftness
 12133 | D:11     | Noticed a two-headed ogre
 12325 | D:11     | Noticed a two-headed ogre
 12331 | D:11     | Killed a two-headed ogre
 12361 | D:11     | Killed a two-headed ogre
 12699 | D:11     | Found Bumuyscha's Armour Shoppe.
 13124 | D:12     | Noticed a boulder beetle
 13131 | D:12     | Killed a boulder beetle
 13394 | D:12     | Killed from afar by an acid dragon

Illustrated notes

Levels and vault maps discovered:
D:1:      minmay_arrival_four_loops, layout_basic,
          nicolae_kite_square_tiling_tiny,
          nicolae_concentric_dashed_squares_wild
D:2:      layout_basic, basic_altar, serial_park_tiny_1
D:3:      layout_basic, uniq_pargi
D:4:      layout_loops_corners, gup_sewer_entry_bubbles,
          biasface_ghost_orc_armoury, minmay_misc_feat_more_columns,
          corexii_item_surrounded_by_moat
D:5:      layout_basic, lemuel_blue_sif_altar, minmay_misc_feat_x,
          uniq_blork_the_orc
D:6:      layout_basic, kennysheep_mini_moat, temple_pool_b
D:7:      layout_basic, nicolae_ashenzari_skybound,
          mainiacjoe_overflow_brackets, lemuel_round_altar,
          mainiacjoe_overflow_alcove_2, uniq_crazy_yiuf_cottage
D:8:      layout_basic, nicolae_tso_besieged_by_evil, zin_purify, serial_glass,
          glass_columns_b, glass_columns_a, serial_shops, nicolae_stop_n_shop_1,
          nrook_campfire, uniq_gastronok
D:9:      layout_irregular_city, kennysheep_orc_monster_closet_entryway,
          uniq_pikel
D:10:     layout_rooms, kennysheep_mini, erik_lair_island, gammafunk_ghost_split
D:11:     layout_loops_cross, serial_shops, nicolae_shop_waterfront
D:12:     layout_basic, serial_ice, serial_ice_h, serial_ice_g, serial_ice_k,
          serial_ice_o, minivault_23, kennysheep_flooded_box, minmay_checkerbox
Temple:   hellmonk_temple_forest_ring

Skill      XL: |  1  2  3  4  5  6  7  8  9 10 11 |
---------------+----------------------------------+-----
Ranged Weapons | 2 3 4 6 7 9 11 12 | 12.0
Fighting       | 1 2 3 4 5 7 9 |  9.5
Dodging        | 2 3 4 5 9 |  9.0
Stealth        | 2 3 4 5 |  5.0
Spellcasting   | 2 |  2.0
Hexes          | 3 |  3.0
Translocations | 1 3 |  3.0

Action                     |  1- 3 |  4- 6 |  7- 9 | 10-12 || total
---------------------------+-------+-------+-------+-------++-------
  Melee: Long sword        |       |     9 |       |       ||     9
   Fire: Sling             |   133 |   193 |   184 |       ||   510
         Shortbow          |       |       |   167 |   534 ||   701
         Arbalest          |       |       |       |    68 ||    68
   Cast: Slow              |    35 |    40 |    38 |    10 ||   123
         Blink             |       |       |     6 |     2 ||     8
  Evoke: Wand              |       |       |       |     2 ||     2
    Use: Scroll            |       |     5 |     4 |     7 ||    16
         Potion            |       |     2 |     3 |     2 ||     7
 Armour: Robe              |    25 |    29 |    41 |    53 ||   148
  Dodge: Dodged            |    70 |    77 |   100 |   261 ||   508
  Block: Buckler           |     3 |    22 |    29 |       ||    54

Table legend: (Time is in decaauts)
 A = Elapsed time spent in this place.
 B = Non-inter-level travel time spent in this place.
 C = Inter-level travel time spent in this place.
 D = Time resting spent in this place.
 E = Time spent auto-exploring this place.
 F = Levels seen in this place.
 G = Mean time per level.
                   A        B        C        D        E       F      G
               +--------+--------+--------+--------+--------+-----+--------+
         Total |  13516 |  11947 |   1569 |   1871 |   6327 |  14 |  965.4 |
       Dungeon |  13222 |  11658 |   1564 |   1785 |   6319 |  12 | 1101.8 |
        Temple |     55 |     50 |      5 |      0 |      0 |   1 |   55.0 |
         Sewer |    239 |    239 |      0 |     86 |      8 |   1 |  239.0 |
               +--------+--------+--------+--------+--------+-----+--------+

Top non-repeatable levels by time:
     D:5: 1707 daAuts
     D:9: 1427 daAuts
     D:3: 1310 daAuts
     D:4: 1232 daAuts
     D:8: 1208 daAuts
     D:7: 1168 daAuts
     D:2: 1150 daAuts
     D:1: 1010 daAuts
     D:6: 880 daAuts
    D:10: 829 daAuts
    D:11: 779 daAuts
    D:12: 518 daAuts
   Sewer: 239 daAuts
  Temple: 55 daAuts
